 Dungeon Crawl Stone Soup version 0.21-a0-94-gdd6ab6a (webtiles) character file.

300 protoss039 the Conjurer (level 6, -22/45 HPs)
             Began as a Draconian Conjurer on July 2, 2017.
             Annihilated by an ogre
             ... wielding a +0 giant club
              (27 damage)
             ... on level 4 of the Dungeon.
             The game lasted 00:20:40 (4204 turns).

protoss039 the Conjurer (Draconian Conjurer)        Turns: 4204, Time: 00:20:41

Health: -22/45     AC:  8    Str: 10    XL:     6   Next: 13%
Magic:  5/9        EV: 12    Int: 17    God:
Gold:   151        SH:  0    Dex: 12    Spells: 2/9 levels left

rFire    + . .     SeeInvis .   f - +0 hand axe
rCold    . . .     Gourm    .   (no shield)
rNeg     . . .     Faith    .   (armour unavailable)
rPois    .         Spirit   .   (helmet restricted)
rElec    .         Reflect  .   (no cloak)
rCorr    .         Harm     .   t - +1 pair of gloves
MR       .....                  (no boots)
Stlth    ++........             v - amulet of magic regeneration
HPRegen  0.15/turn              r - ring of protection from fire
MPRegen  0.36/turn              (no ring)

@: no status effects
A: unfitting armour, cold-blooded, AC +6
a: no special abilities


You were on level 4 of the Dungeon.
You were hungry.

You visited 1 branch of the dungeon, and saw 4 of its levels.

You collected 151 gold pieces.

Inventory:

Hand Weapons
 f - a +0 hand axe (weapon)
 l - a +0 dagger
Armour
 t - a +1 pair of gloves (worn)
Jewellery
 n - an uncursed amulet of guardian spirit
 r - a ring of protection from fire (left hand)
 u - an uncursed amulet of rage
 v - an amulet of magic regeneration (around neck)
Scrolls
 h - 2 scrolls of identify
 m - a scroll of enchant armour
 o - a scroll of remove curse
 q - 2 scrolls of teleportation
 w - a scroll of magic mapping {unknown}
Potions
 e - 2 potions of mutation {unknown}
 g - 3 potions of degeneration {unknown}
 i - a potion of brilliance {unknown}
 j - a potion of curing {unknown}
 p - a potion of flight {unknown}
 s - a potion of magic {unknown}
 x - a potion of heal wounds {unknown}
Books
 a - a book of Conjurations

   Spells                             Type                      Level
   a - Magic Dart                     Conjuration                  1
   b - Searing Ray                    Conjuration                  2
   c - Dazzling Spray                 Conjuration/Hexes            3
   d - Fulminant Prism                Conjuration/Hexes            4
   e - Force Lance                    Conjuration/Translocation    4
   f - Iskenderun's Mystic Blast      Conjuration                  4
Comestibles
 b - 5 bread rations
 c - 2 meat rations
 k - a royal jelly


   Skills:
 - Level 1.7 Dodging
 - Level 1.7 Stealth
 - Level 2.0 Spellcasting
 + Level 7.4 Conjurations


You had 2 spell levels left.
You knew the following spells:

 Your Spells              Type           Power        Failure   Level  Hunger
a - Magic Dart            Conj           ####         1%          1    #......
b - Searing Ray           Conj           ####..       1%          2    ###....
c - Iskenderun's Mystic   Conj           ####....     9%          4    #####..


Dungeon Overview and Level Annotations

Branches:
Dungeon (4/15)
 Temple: D:4-7

Altars:
Ashenzari

Annotations:
D:3 1 exclusion
D:4 zhorgal's ghost, amateur DsBe


Innate Abilities, Weirdness & Mutations

Your plain brown scales are hard. (AC +6)
You cannot fit into any form of body armour.
You are cold-blooded and may be slowed by cold attacks.


Message History

Aiming: Searing Ray
Press: ? - help, Shift-Dir - straight line, f - ogre
Aim: an ogre, wielding a giant club (hasn't noticed you)
The searing ray hits the ogre.
The ogre is moderately wounded.
The ogre shouts! (Press . to maintain the ray.)
The searing ray hits the ogre.
The ogre is heavily wounded.
The ogre hits you with a giant club!!
The searing ray hits the ogre.
The ogre is severely wounded.
The ogre hits you with a giant club!!
Ouch! That really hurt!
* * * LOW HITPOINT WARNING * * *
The searing ray hits the ogre.
The ogre is almost dead.
You finish channeling your searing ray.
The ogre hits you with a giant club!!
Ouch! That really hurt!
You die...

#..###'#O....#
#..O...#.....#
#...O..#.....#
#..##Z.#.....#
##..##.<+.....#
....##..#.....#
.....##..##....#
##.........O....#
#+#####...#@...#
..##....##...#....#
.............#....#
.........#...#....#
..######.#####....#
#..#....O†# #...<#
#..'......# #....#
#..#......# #....#
#......# ######


You could see an ogre.

Vanquished Creatures
  A howler monkey (D:4)
  A hound (D:4)
  7 gnolls
  8 adders
  2 oozes
  A worm (D:2)
  4 dart slugs
  3 leopard geckos (D:3)
  4 orcs
  A ball python (D:3)
  A giant cockroach (D:4)
  9 goblins
  8 hobgoblins
  6 jackals
  A quokka (D:2)
  4 bats
  4 frilled lizards
  7 kobolds
  4 rats
76 creatures vanquished.

Notes
Turn   | Place    | Note
-------+----------+-------------------------------------------
     0 | D:1      | protoss039 the Draconian Conjurer began the quest for the Orb.
     0 | D:1      | Reached XP level 1. HP: 14/14 MP: 3/3
   371 | D:1      | Reached XP level 2. HP: 19/20 MP: 3/5
   886 | D:1      | Learned a level 2 spell: Searing Ray
  1133 | D:2      | Reached skill level 5 in Conjurations
  1177 | D:2      | Reached XP level 3. HP: 26/26 MP: 2/6
  1838 | D:1      | Reached XP level 4. HP: 33/33 MP: 5/7
  2164 | D:3      | Found a faded altar of an unknown god.
  2224 | D:3      | Found a shattered altar of Ashenzari.
  2409 | D:2      | Reached skill level 6 in Conjurations
  2858 | D:2      | Reached XP level 5. HP: 17/38 MP: 1/8
  3567 | D:4      | Reached skill level 7 in Conjurations
  3568 | D:4      | Noticed zhorgal's ghost (amateur DsBe)
  3814 | D:4      | Noticed an ogre
  3816 | D:4      | Reached XP level 6. HP: 45/45 MP: 2/9
  4193 | D:3      | Learned a level 4 spell: Iskenderun's Mystic Blast
  4204 | D:4      | Annihilated by an ogre

Vault maps used:
D:1:      dpeg_arrival_boxorama
D:2:      first_bread
D:3:      chequers_ecumenical_altar_simple_redux, nicolae_ashenzari_panopticon

Skill      XL: |  1  2  3  4  5 |
---------------+----------------+-----
Conjurations   | 5 6 7 |  7.4
Dodging        | |  1.7
Stealth        | |  1.7
Spellcasting   | |  2.0

Action                   |  1- 3 |  4- 6 || total
-------------------------+-------+-------++-------
Melee: Club              |     6 |       ||     6
       Unarmed           |     6 |       ||     6
       Hand axe          |    31 |    31 ||    62
       Tailslap          |     2 |     4 ||     6
 Cast: Magic Dart        |    55 |   115 ||   170
       Searing Ray       |     1 |     6 ||     7
  Use: Scroll            |       |     8 ||     8
  Eat: Chunk             |     4 |     4 ||     8
       Meat ration       |       |     1 ||     1
Armor: Skin              |    21 |    29 ||    50
Dodge: Dodged            |    42 |    43 ||    85
